 Dungeon Sprint DCSS version 0.26-a0-665-gefeb406119 (webtiles) character file.

Game seed: 10307015583760874992

10125 mhtbhm the Sorcerer (level 11, -1/54 HPs)
             Began as a Deep Elf Earth Elementalist on Oct 14, 2020.
             Was the Champion of Vehumet.
             Slain by a large abomination (22 damage)
             ... created by a deep elf death mage
             ... in the Dungeon (Sprint III: "The Ten Rune Challenge").
             The game lasted 00:07:25 (2191 turns).

mhtbhm the Sorcerer (Deep Elf Earth Elementalist)   Turns: 2191, Time: 00:07:25

Health: -1/54      AC:  7    Str:  5    XL:     11   Next: 32%
Magic:  19/38      EV: 15    Int: 24    God:    Vehumet [******]
Gold:   1118       SH:  0    Dex: 13    Spells: 37/52 levels left

rFire    + . .     SeeInvis .   q - +4 quarterstaff (chaos)
rCold    . . .     Faith    .   (shield currently unavailable)
rNeg     . . .     Spirit   .   a - +2 robe {rF+}
rPois    +         Reflect  .   (helmet restricted)
rElec    .         Harm     .   p - +0 cloak {rPois}
rCorr    .         Rampage  .   (no gloves)
MR       +....     Clarity  +   (no boots) Stlth +++.......NoTele +
                                (no amulet)
HPRegen  0.18/turn              (no ring)
MPRegen  0.26/turn              (no ring)

@: no status effects
A: horns 1, slimy green scales 1, clarity, clumsy 1, screaming 1
a: Renounce Religion


You were in the Dungeon.
You worshipped Vehumet.
Vehumet was exalted by your worship.
You visited 1 branch You collected 1118 gold pieces.

Inventory:

Hand Weapons
 q - a +4 quarterstaff of chaos (weapon)
Missiles
 b - 8 stones (quivered)
Armour
 a - a +2 robe of fire resistance (worn)
 p - a +0 cloak of poison resistance (worn)
Wands
 o - a wand of random effects (22)
 s - a wand of acid (3)
Scrolls
 c - a scroll of torment {unknown}
 j - 4 scrolls of identify
 k - 3 scrolls of remove curse
 m - a scroll of holy word {unknown}
Potions
 d - 2 potions of curing
 f - a potion of haste
 g - 2 potions of magic
 h - a potion of berserk rage
 l - 2 potions of brilliance {unknown}
 n - 3 potions of mutation
 r - a potion of might
Miscellaneous
 t - a phantom mirror


   Skills:
 + Level 5.9 Dodging
 - Level 4.3 Stealth
 + Level 21.4 Spellcasting
 + Level 3.1 Conjurations
 + Level 3.7 Transmutations
 + Level 20.4 Earth Magic
 + Level 2.6 Evocations


You had 37 spell levels left.
You knew the following spells:

 Your Spells              Type           Power        Failure   Level
a - Sandblast             Erth           ######       0%          1
b - Passwall              Tmut/Erth      ######..     1%          2
c - Stone Arrow           Conj/Erth      ######       1%          3
d - Lee's Rapid Deconstr  Erth           #######...   0%          5
e - Petrify               Tmut/Erth      ######..     1%          4

Your spell library contained the following spells:

 Spells                   Type           Power        Failure   Level
 Conjure Ball Lightning   Conj/Air       ####......   32%         6
 Animate Skeleton         Necr           ####..       1%          1
 Apportation              Tloc           ####..       1%          1
 Corona                   Hex            ####...      1%          1
 Summon Small Mammal      Summ           ####         1%          1


Dungeon Overview and Level Annotations

Branches:
Dungeon (1/1)

Altars:
Cheibriados
Dithmenos
Elyvilon
Fedhas
Gozag
Hepliaklqana
Kikubaaqudgha
Makhleb
Nemelex Xobeh
Okawaru
Qazlal
Ru
Sif Muna
Trog
Uskayaw
Vehumet
Wu Jian
Xom
Yredelemnul
Zin
The Shining One
Beogh
Jiyva
Lugonu

Shops:
D :


Innate Abilities, Weirdness & Mutations

You have a pair of small horns on your head.
You are partially covered in slimy green scales. (AC +2)
You possess an exceptional clarity of mind.
You are clumsy. (Dex -2)
You occasionally shout uncontrollably at your foes.


Message History

Confirm with . or Enter, or press ? or * to list all spells.
Aiming: Lee's Rapid Deconstruction (safe; 0% risk of failure)
Press: ? - help, Dir - move target cursor A translucent rock wall.
The wall shatters!
The blast of rock fragments hits the large abomination!
The large abomination is heavily damaged.
The large abomination hits you!!
Ouch! That really hurt!
Unknown command.
Casting: Lee's Rapid Deconstruction (safe; 0% risk of failure)
Confirm with . or Enter, or press ? or * to list all spells.
Aiming: Lee's Rapid Deconstruction (safe; 0% risk of failure)
Press: ? - help, Dir - move target cursor A translucent rock wall.
The wall shatters!
The blast of rock fragments hits the large abomination!
The large abomination is severely damaged.
The large abomination hits you!!
You die...

▓▓▓ ##### #######.#######
## _#__####.#∩....'.#...#
)..
)#._#.........##@#...##≈≈≈
##'##........###X#...≈≈≈.
....#.)......# #)#...##≈
....#))...##.# #.))..#
###'#)##.###$# #######
#...#§#####################
#...#..§≈§'.#.'.).'.#.#.#.+
#...#.#§§§#.#(#...##.#.#.##
#...'.#.§§#.#.#)..#.#.#.#.#


You could see a large abomination.

Vanquished Creatures
  A deep elf demonologist (D)
  Snorg (D)
  A centaur warrior (D)
  3 orc high priests (D)
  4 deep elf knights (D)
  An unseen horror (D)
  2 deep elf magi (D)
  An orc sorcerer (D)
  3 wandering mushrooms (D)
  A shadow (D)
  A spatial vortex (D)
  2 orc warriors (D)
  A necrophage (D)
  2 centaurs (D)
  An earth elemental (D)
  A water elemental (D)
  2 orc priests (D)
  A jelly (D)
  Crazy Yiuf (D)
  A wizard (D)
  Jessica (D)
  An orc wizard (D)
  A necromancer (D)
  3 humans (D)
  A kobold demonologist (D)
  9 orcs (D)
  3 rats (D)
50 creatures vanquished.

Vanquished Creatures (others)
  4 plants (D)
4 creatures vanquished.

Grand Total: 54 creatures vanquished

Notes
Turn   | Place    | Note
-------+----------+-------------------------------------------
     0 | D        | mhtbhm the Deep Elf Earth Elementalist began the quest for
                  | the Orb.
     0 | D        | Reached XP level 1. HP: 10/10 MP: 6/6
    36 | D        | Noticed Jessica
    38 | D        | Killed Jessica
    38 | D        | Reached skill level 4 in Spellcasting
    38 | D        | Reached skill level 5 in Earth Magic
    38 | D        | Reached XP level 2. HP: 15/15 MP: 5/9
    51 | D        | Learned a level 2 spell: Passwall
   102 | D        | Gained mutation: You are somewhat resistant to further
                  | mutation. [potion of mutation]
   103 | D        | Lost mutation: You are somewhat resistant to further
                  | mutation. [potion of mutation]
   103 | D        | Gained mutation: You occasionally shout uncontrollably at
                  | your foes. [potion of mutation]
   103 | D        | Gained mutation: You are weak. (Str -2) [potion of
                  | mutation]
   103 | D        | Gained mutation: You are very weak. (Str -4) [potion of
                  | mutation]
   103 | D        | Gained mutation: You are resistant to electric shocks.
                  | (rElec) [potion of mutation]
   104 | D        | Lost mutation: You are very weak. (Str -4) [potion of
                  | mutation]
   104 | D        | Lost mutation: You are weak. (Str -2) [potion of mutation]
   104 | D        | Lost mutation: You are resistant to electric shocks.
                  | (rElec) [potion of mutation]
   104 | D        | Gained mutation: You are clumsy. (Dex -2) [potion of
                  | mutation]
   104 | D        | Gained mutation: You possess an exceptional clarity of
                  | mind. [potion of mutation]
   104 | D        | Gained mutation: You are partially covered in slimy green
                  | scales. (AC +2) [potion of mutation]
   104 | D        | Gained mutation: You have a pair of small horns on your
                  | head. [potion of mutation]
   107 | D        | Noticed Crazy Yiuf
   117 | D        | Killed Crazy Yiuf
   117 | D        | Reached skill level 5 in Spellcasting
   117 | D        | Reached XP level 3. HP: 9/19 MP: 4/11
   126 | D        | Reached XP level 4. HP: 10/24 MP: 1/13
   131 | D        | Learned a level 3 spell: Stone Arrow
   294 | D        | Noticed a water elemental
   298 | D        | Killed a water elemental
   298 | D        | Reached skill level 7 in Spellcasting
   434 | D        | Found a radiant altar of Vehumet.
   434 | D        | Found a shimmering blue altar of Sif Muna.
   434 | D        | Found an ancient bone altar of Kikubaaqudgha.
   434 | D        | Noticed a wizard
   436 | D        | Killed a wizard
   436 | D        | Reached XP level 5. HP: 18/28 MP: 14/17
   438 | D        | Reached skill level 8 in Spellcasting
   446 | D        | Became a worshipper of Vehumet
   480 | D        | Learned a level 5 spell: Lee's Rapid Deconstruction
   485 | D        | Learned a level 4 spell: Petrify
   546 | D        | Found a glowing silver altar of Zin.
   546 | D        | Found a glowing golden altar of the Shining One.
   546 | D        | Found a white marble altar of Elyvilon.
   546 | D        | Noticed a deep elf mage
   549 | D        | Killed a deep elf mage
   549 | D        | Reached skill level 5 in Dodging
   549 | D        | Reached skill level 11 in Spellcasting
   549 | D        | Reached XP level 6. HP: 32/32 MP: 2/22
   549 | D        | Reached XP level 7. HP: 36/36 MP: 2/24
   665 | D        | Found a hide-covered altar of Uskayaw.
   665 | D        | Found a roughly hewn altar of Beogh.
   665 | D        | Found an iron altar of Okawaru.
   665 | D        | Found a bloodstained altar of Trog.
   665 | D        | Found an ornate altar of the Wu Jian Council.
   665 | D        | Noticed a human
   665 | D        | Noticed a human
   666 | D        | Killed a human
   666 | D        | Reached skill level 12 in Spellcasting
   667 | D        | Killed a human
   667 | D        | Reached * piety under Vehumet
   667 | D        | Offered knowledge of Magic Dart by Vehumet.
   667 | D        | Reached skill level 13 in Spellcasting
   709 | D        | Found a basalt altar of Yredelemnul.
   709 | D        | Found a shadowy altar of Dithmenos.
   709 | D        | Found a sacrificial altar of Ru.
   750 | D        | Noticed a shadow
   754 | D        | Reached ** piety under Vehumet
   755 | D        | Killed a shadow
   755 | D        | Reached skill level 14 in Spellcasting
   755 | D        | Reached XP level 8. HP: 32/41 MP: 9/28
   844 | D        | Found a blossoming altar of Fedhas.
   844 | D        | Found a stormy altar of Qazlal.
   844 | D        | Found a snail-covered altar of Cheibriados.
   844 | D        | Found a burning altar of Makhleb.
   844 | D        | Found a shimmering altar of Xom.
   845 | D        | Found a hazy altar of Hepliaklqana.
   845 | D        | Found an opulent altar of Gozag.
   845 | D        | Found a sparkling altar of Nemelex Xobeh.
   845 | D        | Found a corrupted altar of Lugonu.
   845 | D        | Found a viscous altar of Jiyva.
   848 | D        | Offered knowledge of Shock by Vehumet.
   931 | D        | Noticed Snorg
   941 | D        | Killed Snorg
   941 | D        | Reached skill level 16 in Spellcasting
   941 | D        | Reached skill level 15 in Earth Magic
   941 | D        | Reached XP level 9. HP: 45/45 MP: 3/31
  1069 | D        | Offered knowledge of Frozen Ramparts by Vehumet.
  1069 | D        | Reached *** piety under Vehumet
  1159 | D        | Noticed a centaur warrior
  1165 | D        | Killed a centaur warrior
  1165 | D        | Reached skill level 17 in Spellcasting
  1165 | D        | Reached skill level 1 in Evocations
  1320 | D        | Killed an unseen horror
  1320 | D        | Offered knowledge of Fulminant Prism by Vehumet.
  1320 | D        | Reached **** piety under Vehumet
  1365 | D        | Noticed a wandering mushroom
  1372 | D        | Noticed a wandering mushroom
  1373 | D        | Killed a wandering mushroom
  1373 | D        | Reached skill level 18 in Spellcasting
  1375 | D        | Noticed a wandering mushroom
  1380 | D        | Killed a wandering mushroom
  1386 | D        | Killed a wandering mushroom
  1386 | D        | Reached XP level 10. HP: 50/50 MP: 7/34
  1530 | D        | Noticed an orc high priest
  1533 | D        | Offered knowledge of Iskenderun's Mystic Blast by Vehumet.
  1533 | D        | Noticed an orc high priest
  1533 | D        | Noticed an orc sorcerer
  1535 | D        | Killed an orc high priest
  1535 | D        | Reached skill level 1 in Conjurations
  1536 | D        | Noticed a soul eater
  1537 | D        | Killed an orc high priest
  1537 | D        | Reached ***** piety under Vehumet
  1537 | D        | Reached skill level 19 in Spellcasting
  1540 | D        | Noticed an orc high priest
  1540 | D        | Killed an orc sorcerer
  1541 | D        | Killed an orc high priest
  1544 | D        | Reached ****** piety under Vehumet
  1662 | D        | Found Syutzal's Book Boutique.
  1711 | D        | Noticed a deep elf knight
  1711 | D        | Noticed a deep elf knight
  1711 | D        | Noticed a deep elf knight
  1711 | D        | Noticed a deep elf mage
  1711 | D        | Noticed a deep elf knight
  1731 | D        | Killed a deep elf knight
  1731 | D        | Offered knowledge of Conjure Ball Lightning by Vehumet.
  1731 | D        | Reached skill level 20 in Spellcasting
  1732 | D        | Killed a deep elf knight
  1734 | D        | Killed a deep elf knight
  1734 | D        | Reached XP level 11. HP: 28/54 MP: 28/37
  1735 | D        | Killed a deep elf knight
  1737 | D        | Killed a deep elf mage
  1737 | D        | Reached skill level 21 in Spellcasting
  1878 | D        | Identified the amulet of Nehu {Acrobat MP+9 Dex+7}
  1878 | D        | Noticed a deep elf demonologist
  1879 | D        | Noticed a deep elf death mage
  1881 | D        | Noticed a small abomination
  1882 | D        | Killed a deep elf demonologist
  1888 | D        | HP: 2/54 [large abomination[a deep elf death mage] (31)]
  2191 | D        | Slain by a large abomination

Illustrated notes

Levels and vault maps discovered:
D:        dungeon_sprint_mu [sprint_mu_entry_cave, sprint_mu_temple_rooms,
          sprint_mu_d1_horrors, sprint_mu_d2_genie, sprint_mu_d3_branching,
          sprint_mu_orc_legion, sprint_mu_elf_gauntlet, sprint_mu_hive_nellie,
          sprint_mu_lair_fedhas, sprint_mu_vaults_butterflies,
          sprint_mu_slime_circle, sprint_mu_swamp_cave, sprint_mu_shoals_archi,
          sprint_mu_blade_basic, sprint_mu_crypt_chambers,
          sprint_mu_tomb_spiral, sprint_mu_vestibule_basic,
          sprint_mu_gehenna_hellfire, sprint_mu_dis_giant,
          sprint_mu_tartarus_statrot, sprint_mu_cocytus_islands, sprint_mu_zot1]

Skill      XL: |  1  2  3  4  5  6  7  8  9 10 11 |
---------------+----------------------------------+-----
Dodging        | 3 4 5 |  5.9
Stealth        | 3 4 |  4.3
Spellcasting   | 4 5 7 11 14 16 18 20 21 | 21.4
Earth Magic    | 5 6 7 9 12 13 15 17 19 20 | 20.4
Transmutations | 2 3 |  3.7
Evocations     | 1 2 |  2.6
Conjurations   | 3 |  3.1

Action                   |  1- 3 |  4- 6 |  7- 9 | 10-12 || total
-------------------------+-------+-------+-------+-------++-------
Melee: Quarterstaff      |       |       |       |     1 ||     1
 Cast: Sandblast         |    11 |     9 |     1 |     1 ||    22
       Passwall          |     1 |       |       |       ||     1
       Lee's Rapid Decon |       |     2 |    25 |    26 ||    53
       Petrify           |       |       |     2 |       ||     2
       Stone Arrow       |       |       |    10 |     2 ||    12
Evoke: Wand              |       |       |     1 |     3 ||     4
  Use: Potion            |     3 |       |     1 |       ||     4
       Scroll            |       |       |       |     1 ||     1
Armor: Robe              |     1 |       |       |       ||     1
Dodge: Dodged            |     1 |     2 |     3 |     1 ||     7

Table legend: (Time is in decaauts)
 A = Elapsed time spent in this place.
 B = Non-inter-level travel time spent in this place.
 C = Inter-level travel time spent in this place.
 D = Time resting spent in this place.
 E = Time spent auto-exploring this place.
 F = Levels seen in this place.
 G = Mean time per level.
                   A        B        C        D        E       F      G
               +--------+--------+--------+--------+--------+-----+--------+
         Total |   2199 |   2199 |      0 |   1687 |     15 |   1 | 2199.0 |
       Dungeon |   2199 |   2199 |      0 |   1687 |     15 |   1 | 2199.0 |
               +--------+--------+--------+--------+--------+-----+--------+

Top non-repeatable levels by time:
       D: 2199 daAuts
